 Dungeon Crawl Stone Soup version 0.27.1-2-g3b301248ec (webtiles) character file.

Game seed: 4924923269846493400

614 ke11ybean the Poker (level 7, -2/84 HPs)
             Began as a Merfolk Berserker on Sept 28, 2021.
             Was a Believer of Trog.
             Succumbed to an orc wizard's poison
             ... on level 3 of the Dungeon.
             The game lasted 00:53:26 (3336 turns).

ke11ybean the Poker (Merfolk Berserker)             Turns: 3336, Time: 00:53:26

Health: -2/84      AC: 23    Str: 20    XL:     7   Next: 44%
Magic:  7/7        EV:  2    Int:  6    God:    Trog [**....]
Gold:   84         SH:  0    Dex: 13    Spells: 6/6 levels left

rFire    . . .     SeeInvis .   j - +0 halberd
rCold    . . .     Faith    .   (shield currently unavailable)
rNeg     + + +     Spirit   .   (armour currently unavailable)
rPois    +         Reflect  .   (helmet currently unavailable)
rElec    .         Harm     .   (cloak currently unavailable)
rCorr    .         Rampage  .   (gloves currently unavailable)
Will     .....     NoTele   +   (boots currently unavailable)
Stlth    +.........             (no amulet)
HPRegen  0.24/turn              m - ring of flight
MPRegen  0.10/turn              (no ring)

@: lethally poisoned (-2 -> -14), tree-form, on berserk cooldown, slowed, very
slow
A: stationary, stasis, torment immunity, boosted hp, (nimble swimmer 2),
(mertail)
a: Renounce Religion, Berserk, Trog's Hand


You were on level 3 of the Dungeon.
You worshipped Trog.
Trog was pleased with you.
You were a tree.
You visited 1 branch of the dungeon, and saw 4 of its levels.

You collected 84 gold pieces.

Inventory:

Hand Weapons
 a - a +0 spear
 c - a +6 dagger
 j - a +0 halberd (weapon)
Missiles
 t - 3 boomerangs (quivered)
Armour
 b - a +0 animal skin
 d - a +0 scale mail
 f - a +2 pair of boots (melded)
 n - a +0 ring mail (melded)
 u - a +0 chain mail
Jewellery
 m - a ring of flight (left branch)
Scrolls
 e - a scroll of holy word {unknown}
 h - a scroll of fog {unknown}
 i - a scroll of fear
 l - a scroll of blinking {unknown}
 o - a scroll of noise {unknown}
Potions
 g - a potion of lignification
 k - a potion of magic {unknown}
 p - 2 potions of attraction {unknown}
 q - 2 potions of invisibility {unknown}
 r - a potion of experience {unknown}
 s - a potion of haste {unknown}


   Skills:
 + Level 5.2 Fighting
 * Level 7.9 Polearms
 + Level 3.0 Armour
 + Level 5.3 Dodging


You had 6 spell levels left.
You didn't know any spells.
Your spell library was empty.

Dungeon Overview and Level Annotations

Branches:
Dungeon (4/15)
 Temple: D:4-7

Altars:
Makhleb
Zin

Shops:
D:1 (*


Innate Abilities, Weirdness & Mutations

You are a tree.
Your roots penetrate the ground, keeping you stationary.
You cannot be teleported.
You are immune to unholy pain and torment.
Your maximum health is greatly increased.
Your equipment is partially melded.
((You are quick and stealthy near water. (Stealth+, EV+, Speed+++)))
((Your lower body shifts to a powerful aquatic tail in water.))


Message History

Something hits you but does no damage.
You puncture the orc!
You kill the orc!
Trog accepts your kill.
* * * LOW HITPOINT WARNING * * *
You feel very sick. Something hits you but does no damage.
You start resting.
You feel sick.
Something hits you but does no damage. x2
You cannot move.
You cannot move.
You cannot move.
You start resting.
You feel sick. Something hits you but does no damage.
You start resting.
You feel sick. Something hits you but does no damage.
You are lethally poisoned!
Something hits you but does no damage.
You are too injured to fight recklessly!
You cannot move.
You cannot move.
You cannot move.
There is a lethal amount of poison in your body!
Okay, then.
There is a lethal amount of poison in your body!
There is a lethal amount of poison in your body!
You feel the effects of Trog's Hand fading.
* * * LOW HITPOINT WARNING * * *
You feel very sick. Something hits you but does no damage.
* * * LOW HITPOINT WARNING * * *
You feel very sick. Something hits you but does no damage.
Something completely misses you.
You cannot move.
You cannot move.
You feel sick. Something hits you but does no damage.
You cannot move.
* * * LOW HITPOINT WARNING * * *
You feel sick. Something hits you but does no damage.
You are lethally poisoned!
Something hits you but does no damage.
Your skin stops crawling.
You feel less strong-willed.
You die...

##..........## #.##
################.##
###.........##
####...##########
##.....########...
#......# #......##
#......###.#######
#{###......# #
##♣##..###### #####
#.)#..## #....
########.##)##
##.##.
##.....#.....##
##.....
##.............##
#...###
#...............#
#..##
#...............#
####
#...............# #
#...............#
####


There were no monsters in sight!

Vanquished Creatures
  Grinder (D:3)
  A scorpion (D:3)
  A water moccasin zombie (D:3)
  The ghost of pentaflop the Firebug, a weakling DsFE (D:3)
  A jelly (D:4)
  2 orc priests
  An iguana (D:3)
  An orc wizard (D:3)
  A howler monkey zombie (D:4)
  4 gnolls (D:2)
  An adder (D:2)
  A worm (D:2)
  3 dart slugs
  5 orcs
  4 ball pythons
  2 endoplasms
  4 giant cockroaches
  8 goblins
  2 hobgoblins
  3 jackals (D:1)
  3 kobolds
  2 quokkas (D:1)
  2 bats (D:1)
  2 frilled lizards (D:1)
  8 rats
64 creatures vanquished.

Notes
Turn   | Place    | Note
-------+----------+-------------------------------------------
     0 | D:1      | ke11ybean the Merfolk Berserker began the quest for the
                  | Orb.
     0 | D:1      | Reached XP level 1. HP: 18/18 MP: 1/1
    73 | D:1      | Reached XP level 2. HP: 24/24 MP: 2/2
   352 | D:1      | Found Irouleisk's General Store.
   428 | D:1      | Reached skill level 5 in Polearms
   586 | D:1      | Reached XP level 3. HP: 30/30 MP: 3/3
   597 | D:1      | Found Hilasehol's Antique Weapon Shop.
  1003 | D:2      | Reached XP level 4. HP: 37/37 MP: 4/4
  1195 | D:2      | Reached ** piety under Trog
  1811 | D:3      | Reached XP level 5. HP: 43/43 MP: 5/5
  2093 | D:3      | Found a burning altar of Makhleb.
  2094 | D:3      | Noticed a cacodemon
  2095 | D:3      | Found a glowing silver altar of Zin.
  2096 | D:3      | Noticed an angel
  2142 | D:3      | Reached skill level 6 in Polearms
  2216 | D:3      | Noticed Grinder
  2239 | D:3      | Paralysed by Grinder for 6 turns
  2250 | D:3      | Paralysed by Grinder for 3 turns
  2259 | D:3      | Paralysed by Grinder for 7 turns
  2511 | D:3      | Killed Grinder
  2512 | D:3      | Reached skill level 7 in Polearms
  2512 | D:3      | Reached XP level 6. HP: 24/50 MP: 6/6
  2721 | D:3      | Found a runed translucent door.
  2721 | D:3      | Noticed pentaflop's ghost (weakling DsFE)
  2742 | D:3      | Reached skill level 5 in Fighting
  2742 | D:3      | Reached skill level 5 in Dodging
  2742 | D:3      | Reached XP level 7. HP: 42/56 MP: 7/7
  2837 | D:3      | Killed pentaflop's ghost
  3216 | D:3      | Found a faded altar of an unknown god.
  3327 | D:3      | HP: 3/84 [poisoned by an orc wizard]
  3332 | D:3      | HP: 2/84 [poisoned by an orc wizard]
  3336 | D:3      | Succumbed to an orc wizard's poison

Illustrated notes

Levels and vault maps discovered:
D:1:      dpeg_arrival_radiant, layout_basic, serial_shops,
          nicolae_diamond_shop, nicolae_lakefront_shop
D:2:      layout_basic
D:3:      layout_rooms, grunt_temple_overflow_order_and_chaos_2,
          hellmonk_ghost_happy_afterlife, ebering_ecumenical_altar_sacrificial,
          grunt_ministairs_11, uniq_grinder
D:4:      layout_cave_pods, nicolae_hepliaklqana_hazy_memory,
          minmay_temple_entry_junction_2, serial_shops,
          nicolae_shop_competitors_out_of_business, nicolae_diamond_shop,
          nicolae_shop_temple_entry_statues_fountains

Skill      XL: |  1  2  3  4  5  6  7 |
---------------+----------------------+-----
Dodging        | 3 4 5 |  5.3
Polearms       | 5 7 |  7.9
Fighting       | 4 5 |  5.2
Armour         | 2 3 |  3.0

Action                   |  1- 3 |  4- 6 |  7- 9 || total
-------------------------+-------+-------+-------++-------
Melee: Spear             |    75 |     8 |       ||    83
       Halberd           |       |   115 |    53 ||   168
Invok: Berserk           |     3 |     4 |     3 ||    10
       Trog's Hand       |       |     1 |     1 ||     2
  Use: Potion            |       |     2 |     1 ||     3
       Scroll            |       |     1 |       ||     1
Armor: Animal skin       |     3 |       |       ||     3
       Scale mail        |    12 |    17 |       ||    29
       Ring mail         |       |     9 |    21 ||    30
       Skin              |       |       |    14 ||    14
Dodge: Dodged            |    23 |    51 |    18 ||    92
